 Dungeon Crawl Stone Soup version 0.30.1-11-g7821555f0a (webtiles) character file.

Game seed: 9513643247026113594

114 Vandal the Covered (level 4, 0/41 HPs)
             Began as a Minotaur Fighter on Jan 4, 2024.
             Was a Believer of Trog.
             Slain by Sigmund
             ... wielding a +0 scythe
              (7 damage)
             ... on level 2 of the Dungeon.
             The game lasted 00:09:46 (1606 turns).

Vandal the Covered (Minotaur Fighter)               Turns: 1606, Time: 00:09:47

Health: 0/41       AC:  8    Str: 22    XL:     4   Next: 66%
Magic:  3/3        EV:  9    Int:  5    God:    Trog [**....]
Gold:   135        SH:  4    Dex: 10    Spells: 3/3 levels left

rFire   . . .        a - +1 war axe
rCold   . . .        c - +0 buckler
rNeg    . . .        b - +0 scale mail
rPois   .            (helmet restricted)
rElec   .            (no cloak)
rCorr   .            f - +0 pair of gloves
SInv    .            (no boots)
Will    .....        (no amulet) Stlth
                     (no ring)
HPRegen 0.26/turn    (no ring)
MPRegen 0.08/turn

%: no passive effects
@: no status effects
A: horns 2, retaliatory headbutt
a: Renounce Religion, Berserk, Trog's Hand


You were on level 2 of the Dungeon.
You worshipped Trog.
Trog was pleased with you.
You visited 1 branch of the dungeon, and saw 2 of its levels.

You collected 135 gold pieces.

Inventory:

Hand Weapons
 a - a +1 war axe (weapon)
Armour
 b - a +0 scale mail (worn)
 c - a +0 buckler (worn)
 f - a +0 pair of gloves (worn)
Scrolls
 m - a scroll of noise
Potions
 d - a potion of might
 e - a potion of lignification
 g - a potion of brilliance
 h - a potion of ambrosia {unknown}
 i - a potion of flight {unknown}
 k - a potion of cancellation {unknown}


   Skills:
 + Level 4.4 Fighting
 + Level 3.6 Axes
 + Level 4.5 Armour
 + Level 4.5 Shields


You had 3 spell levels left.
You didn't know any spells.
Your spell library contained the following spells:

 Spells                   Type           Power      Damage    Failure   Level
 Vhi's Electric Charge    Tloc/Air       0%         N/A       99%         3
 Arcjolt                  Conj/Air       0%         1d10      100%        5
 Plasma Beam              Fire/Air       0%         2x1d11    100%        6


Dungeon Overview and Level Annotations

Branches:
Dungeon (2/15)

Altars:
Trog

Shops:
D:1 (**[*

Annotations:
D:2 Sigmund


Innate Abilities, Weirdness & Mutations

You have a pair of horns on your head.
You reflexively headbutt those who attack you in melee.


Message History

* * * LOW HITPOINT WARNING * * *
You feel yourself speed up.
Something tries to affect you, but you resist.
A magic dart appears from out of thin air!
The magic dart hits you but does no damage.
What are your orders? t - Shout!
Orders for allies: a - Attack new target. r - Retreat! s - Stop attacking. g - Guard the area. f - Follow me.
Anything else - Cancel.
Retreat in which direction?
Press: ? - help, Dir - move target, f - you Fall back!
Okay, then.
What are your orders? t - Shout!
Orders for allies: a - Attack new target. r - Retreat! s - Stop attacking. g - Guard the area. f - Follow me.
Anything else - Cancel.
Okay, then.
It was a potion of curing.
You feel better.
You start resting.
Something hits you but does no damage.
You start resting.
There is a strange disturbance nearby!
You hear some strange, mumbled words.
You are confused.
You're too confused to move!
Something completely misses you. Something hits you.
You bump into the rock wall.
You recover from your berserk rage.
Something hits you but does no damage.
You feel less confused.
You hear some strange, mumbled words.
Something tries to affect you, but you resist.
Something hits you!
* * * LOW HITPOINT WARNING * * *
You barely miss something. Something hits you!
You die...

..# #. ##..# #.# ####.##
....# #.# #.....####
##.####.# #.##.....
##......# #.##...#
#.....#.# #.##...####.#
#.....#.####...........#
#.................######
...............{@.#
.................##
.####............#
.####..........!.#
.................#
.................#
.................#
.#####..##########
.####...#


There were no monsters in sight!

Vanquished Creatures
  A jelly (D:2)
  Terence (D:2)
  A worm (D:2)
  2 dart slugs
  7 bats
  6 endoplasms
  4 giant cockroaches
  4 goblins
  4 hobgoblins
  4 jackals (D:1)
  4 kobolds
  A quokka (D:2)
  3 ball pythons
  4 frilled lizards (D:2)
  3 rats
49 creatures vanquished.

Notes
Turn   | Place    | Note
-------+----------+-------------------------------------------
     0 | D:1      | Vandal the Minotaur Fighter began the quest for the Orb.
     0 | D:1      | Reached XP level 1. HP: 19/19 MP: 0/0
     5 | D:1      | Found Hoedirei's Assorted Antiques.
    22 | D:1      | Found Foicor's Armour Boutique.
    84 | D:1      | Reached XP level 2. HP: 27/27 MP: 1/1
   202 | D:1      | Found Yfef's Antique Weapon Shop.
   330 | D:1      | Found Eji Yruf's Assorted Antiques.
   428 | D:1      | Found a faded altar of an unknown god.
   437 | D:1      | Prayed at the altar of an unknown god.
   437 | D:1      | Became a worshipper of Trog the Wrathful
   437 | D:1      | Reached * piety under Trog
   684 | D:1      | Found Iqumiuf's Assorted Antiques.
   732 | D:1      | Reached XP level 3. HP: 33/33 MP: 2/2
  1179 | D:2      | Reached ** piety under Trog
  1334 | D:2      | Reached XP level 4. HP: 22/41 MP: 3/3
  1364 | D:2      | Noticed Terence
  1376 | D:2      | Killed Terence
  1540 | D:2      | Noticed Sigmund
  1606 | D:2      | Slain by Sigmund

Illustrated notes

Levels and vault maps discovered:
D:1:      tarquinn_simple_flora_water_e, layout_basic,
          ebering_ecumenical_altar_mist, serial_shops, nicolae_shop_peninsula,
          shop, nicolae_shop_hallway_stairs, shop, shop
D:2:      layout_basic, kennysheep_generic_room_8, uniq_sigmund, uniq_terence,
          uniq_crazy_yiuf_cottage

Skill      XL: |  1  2 |
---------------+-------+-----
Armour         | 4 |  4.5
Shields        | 4 |  4.5
Fighting       | 4 |  4.4
Axes           | 3 |  3.6

Action                     |  1- 3 |  4- 6 || total
---------------------------+-------+-------++-------
  Melee: War axe           |    74 |    25 ||    99
         Headbutt          |    10 |     1 ||    11
 Invoke: Berserk           |     1 |     1 ||     2
    Use: Scroll            |     5 |     1 ||     6
         Potion            |       |     1 ||     1
 Armour: Scale mail        |    42 |    12 ||    54
  Dodge: Dodged            |    46 |    16 ||    62
  Block: Buckler           |    23 |     7 ||    30
